 Dungeon Crawl Stone Soup version 0.28.0-53-g5a82cb258f (webtiles) character file.

Game seed: 2823853265089595171

51 DildoBatman the Conjurer (level 4, -2/30 HPs)
             Began as a Formicid Conjurer on June 2, 2022.
             Slain by a ball python (3 damage)
             ... on level 4 of the Dungeon.
             The game lasted 00:02:23 (910 turns).

DildoBatman the Conjurer (Formicid Conjurer)         Turns: 910, Time: 00:02:24

Health: -2/30      AC:  2    Str: 12    XL:     4   Next: 7%
Magic:  5/7        EV:  9    Int: 23    God:
Gold:   24         SH:  0    Dex: 11    Spells: 4/7 levels left

rFire   . . .      SeeInvis +   f - +0 short sword
rCold   . . .      Faith    .   (no shield)
rNeg    . . .      Spirit   .   a - +0 robe
rPois   .          Reflect  .   (helmet unavailable)
rElec   .          Harm     .   (no cloak)
rCorr   .          Rampage  .   (no gloves)
Will    .....                   (no boots)
Stlth   ++........              (no amulet)
HPRegen 0.10/turn               h - +6 ring of intelligence
MPRegen 0.10/turn               (no ring)

@: constricted
A: permanent stasis, dig shafts and tunnels, antennae 3, four strong arms
a: Dig, Shaft Self


You were on level 4 of the Dungeon.
You visited 1 branch of the dungeon, and saw 3 of its levels.

You collected 24 gold pieces.

Inventory:

Hand Weapons
 f - a +0 short sword (weapon)
Missiles
 b - 36 stones
 g - 30 bolts
 k - 4 poisoned darts
Armour
 a - a +0 robe (worn)
Jewellery
 h - a +6 ring of intelligence (left hand)
Scrolls
 i - a scroll of acquirement {unknown}
Potions
 c - a potion of berserk rage {unknown}
 d - 2 potions of degeneration {unknown}
 e - a potion of curing {unknown}
 j - a potion of might {unknown}


   Skills:
 - Level 1.7 Dodging
 - Level 2.4 Stealth
 - Level 2.1 Spellcasting
 * Level 4.9 Conjurations


You had 4 spell levels left.
You knew the following spells:

 Your Spells              Type           Power      Damage    Failure   Level
a - Searing Ray           Conj           50%        2d6       2%          2
c - Magic Dart            Conj           100%       1d8       1%          1

Your spell library contained the following spells:

 Spells                   Type           Power      Damage    Failure   Level
 Dazzling Flash           Conj/Hex       26%        N/A       14%         3
 Fulminant Prism          Conj/Hex       6%         3d7       41%         4
 Iskenderun's Mystic Bla  Conj/Tloc      13%        2d5       41%         4


Dungeon Overview and Level Annotations

Branches:
Dungeon (2/15)

Altars:
Qazlal


Innate Abilities, Weirdness & Mutations

You cannot be hasted, slowed, berserked, paralysed or teleported.
You can dig through walls and to a lower floor.
You have a pair of large antennae on your head. (SInv)
Your four strong arms can wield two-handed weapons with a shield.


Message History

Orders for allies: a - Attack new target. r - Retreat! s - Stop attacking. g - Guard the area. f - Follow me.
Anything else - Cancel.
You shout for attention!
The adder skeleton closely misses you. The ball python bites you.
The ball python constricts you. What are your orders? t - Shout!
Orders for allies: a - Attack new target. r - Retreat! s - Stop attacking. g - Guard the area. f - Follow me.
Anything else - Cancel.
You shout for attention!
The adder skeleton bites you. The ball python bites you.
The ball python constricts you. The adder skeleton barely misses you.
What are your orders? t - Shout!
Orders for allies: a - Attack new target. r - Retreat! s - Stop attacking. g - Guard the area. f - Follow me.
Anything else - Cancel.
You shout for attention!
The ball python bites you. The ball python constricts you.
The ball python bites you but does no damage.
The ball python constricts you. The adder skeleton closely misses you.
What are your orders? t - Shout!
Orders for allies: a - Attack new target. r - Retreat! s - Stop attacking. g - Guard the area. f - Follow me.
Anything else - Cancel.
You shout for attention!
The ball python bites you.
You die...

.#.# ..:#
##...## .......
...>... .##
.......
.....###Z......
#....@.......
[......S..####.
........###
.........
##...#### #[..
#.. #..


You could see a ball python and an adder skeleton.

Vanquished Creatures
  An adder (D:2)
  A worm (D:2)
  A dart slug (D:1)
  8 endoplasms
  2 giant cockroaches
  2 goblins (D:1)
  3 hobgoblins
  4 kobolds (D:1)
  A quokka (D:1)
  2 ball pythons
  4 bats
  4 rats (D:1)
33 creatures vanquished.

Notes
Turn   | Place    | Note
-------+----------+-------------------------------------------
     0 | D:1      | DildoBatman the Formicid Conjurer began the quest for the
                  | Orb.
     0 | D:1      | Reached XP level 1. HP: 13/13 MP: 3/3
   122 | D:1      | Reached XP level 2. HP: 15/19 MP: 0/5
   125 | D:1      | Learned a level 2 spell: Searing Ray
   182 | D:1      | Reached skill level 4 in Conjurations
   445 | D:1      | Reached XP level 3. HP: 24/24 MP: 0/6
   742 | D:2      | Found a stormy altar of Qazlal.
   887 | D:2      | Reached XP level 4. HP: 30/30 MP: 2/7
   889 | D:2      | You fall into a shaft and drop 2 floors!
   909 | D:4      | HP: 1/30 [ball python (2)]
   910 | D:4      | Slain by a ball python

Illustrated notes

Levels and vault maps discovered:
D:1:      dpeg_arrival_lava_temple_mockup, layout_basic
D:2:      layout_loops_ring, basic_altar, hellmonk_ecumenical_altar_run_dry,
          kennysheep_nub, minmay_goblin_outpost
D:4:      layout_rooms, nemelex_dance_club_becter

Skill      XL: |  1  2 |
---------------+-------+-----
Conjurations   | 4 |  4.9
Dodging        | |  1.7
Stealth        | |  2.4
Spellcasting   | |  2.1

Action                   |  1- 3 |  4- 6 || total
-------------------------+-------+-------++-------
Melee: Unarmed           |     9 |       ||     9
       Short sword       |    24 |       ||    24
 Cast: Magic Dart        |    35 |       ||    35
       Searing Ray       |     8 |       ||     8
 Abil: Shaft Self        |       |     1 ||     1
Armor: Robe              |     6 |     4 ||    10
Dodge: Dodged            |    19 |    21 ||    40
